Map: Eastwatch LE

Players

Drew

  • Race: Protoss Protoss
  • League: Silver
  • Spawn Location: 1:00

CinDra - Winner!

  • Race: Zerg Zerg
  • League: Silver
  • Spawn Location: 7:00

VOD

Have the link to the VOD?

Description

Time

  • Played on: Feb. 25, 2018, 1:33 a.m.
  • Length: 12:09
Show
View Real Time Build Order
Export as new Build Order

Drew Protoss 

Build Orders: 1 Gate Expand 

Get SALT Encoding   

  12  0:01  Probe  
  13  0:16  Pylon  
  13  0:20  Probe  
  14  0:32  Probe  
  15  0:44  Gateway, Probe  
  16  0:56  Probe  
  17  1:14  Nexus  
  17  1:16  Probe  
  18  1:24  Assimilator  
  18  1:32  Cybernetics Core  
  18  1:37  Probe  
  19  1:44  Zealot  
  21  1:50  Probe  
  21  1:52  Pylon  
  22  1:57  Assimilator  
  22  2:08  Probe  
  23  2:09  Warp Gate (Chrono Boost)  
  23  2:20  Probe  
  24  2:32  Probe  
  24  2:33  Gateway x2  
  25  2:38  Adept (Chrono Boost)  
  26  3:01  Zealot (Chrono Boost)  
  28  3:18  Probe  
  29  3:20  Stalker  
  29  3:22  Zealot, Sentry  
  35  3:27  Probe  
  35  3:30  Probe  
  37  3:39  Probe (Chrono Boost)  
  38  3:45  Probe (Chrono Boost)  
  39  3:49  Adept  
  39  3:51  Probe (Chrono Boost)  
  39  3:52  Stalker  
  39  3:53  Stalker  
  46  4:01  Pylon  
  46  4:15  Pylon  
  46  4:19  Probe x2  
  46  4:21  Stalker  
  50  4:25  Stargate  
  50  4:26  Adept  
  50  4:31  Probe  
  53  4:39  Probe (Chrono Boost), Pylon  
  55  4:48  Probe (Chrono Boost)  
  55  4:51  Probe (Chrono Boost)  
  55  4:52  Sentry  
  58  4:55  Stalker  
  58  4:57  Probe (Chrono Boost)  
  61  5:05  Probe  
  62  5:08  Twilight Council  
  62  5:17  Probe, Assimilator  
  62  5:19  Probe  
  64  5:23  Stalker  
  66  5:29  Probe  
  66  5:30  Assimilator  
  66  5:31  Probe  
  66  5:33  Oracle  
  69  5:39  Pylon  
  69  5:42  Probe, Pylon  
  70  5:57  Probe  
  70  6:00  Stalker  
  70  6:03  Zealot, Forge  
  75  6:10  Void Ray  
  79  6:23  Probe  
  80  6:35  Probe  
  81  6:40  Zealot  
  81  6:41  Zealot  
  81  6:45  Protoss Shields Level 1, Pylon  
  85  6:49  Pylon  
  85  7:02  Void Ray  
  85  7:03  Zealot  
  88  7:28  Zealot x2 (Chrono Boost)  
  88  7:29  Zealot (Chrono Boost)  
  94  7:39  Photon Cannon x2  
  94  7:42  Photon Cannon  
  94  7:45  Void Ray  
  94  7:46  Zealot x2 (Chrono Boost)  
  98  7:51  Blink  
  98  7:53  Templar Archives  
  66  8:13  Photon Cannon  
  66  8:15  Photon Cannon  
  66  8:18  Pylon  
  66  8:19  Zealot x3  
  70  8:28  Void Ray (Chrono Boost)  
  70  8:30  Psionic Storm  
  74  8:43  Photon Cannon  
  74  8:46  Zealot x2  
  78  8:55  Stalker  
  80  9:02  Protoss Shields Level 2 (Chrono Boost)  
  80  9:07  Oracle (Chrono Boost)  
  83  9:13  Stalker, High Templar  
  87  9:25  High Templar  
  89  9:43  Zealot  
  91  9:52  Charge  
  91  9:53  Nexus  
  91  9:58  Zealot  
  93  10:06  High Templar  
  94  10:10  Zealot  
  96  10:25  Zealot  
  88  10:37  Zealot  
  80  10:46  High Templar  
  82  10:52  Stalker  
  76  10:59  Phoenix  
  78  11:04  Stalker  
  80  11:16  Fleet Beacon  
  80  11:22  Stalker  
  80  11:24  Phoenix  
  80  11:25  Stalker, Archon  
  72  11:34  Stalker  
Show
View Real Time Build Order
Export as new Build Order

CinDra Zerg - Winner!

Build Orders: Hatch First 

Get SALT Encoding   

  12  0:01  Drone  
  13  0:12  Overlord  
  13  0:17  Drone  
  14  0:31  Drone  
  14  0:33  Drone  
  16  0:44  Drone  
  17  0:56  Drone  
  18  0:57  Hatchery  
  17  1:05  Extractor, Drone  
  17  1:16  Spawning Pool  
  16  1:19  Drone  
  17  1:30  Drone  
  18  1:42  Drone  
  19  1:49  Drone  
  20  2:03  Queen  
  22  2:09  Queen  
  22  2:10  Zergling x2  
  22  2:11  Zergling x4  
  22  2:15  Metabolic Boost  
  27  2:19  Overlord  
  27  2:35  Drone  
  28  2:49  Overlord  
  28  2:50  Drone x3  
  31  3:05  Drone x2  
  32  3:06  Drone  
  32  3:12  Extractor  
  33  3:17  Drone x2  
  33  3:18  Drone x3  
  38  3:26  Queen  
  40  3:31  Overlord  
  40  3:33  Hatchery  
  39  3:34  Drone  
  40  3:47  Drone  
  40  3:48  Drone x3  
  44  4:20  Drone  
  44  4:21  Drone x5  
  50  4:29  Drone x2  
  50  4:30  Overlord x2  
  50  4:31  Overlord x2  
  52  4:35  Lair  
  52  4:36  Pneumatized Carapace  
  52  4:37  Roach Warren  
  51  5:03  Extractor  
  51  5:04  Extractor  
  51  5:06  Drone  
  50  5:07  Drone x12  
  62  5:24  Zergling x8  
  65  5:38  Zergling x2  
  65  5:39  Zergling x16  
  74  6:03  Drone x8  
  82  6:10  Extractor  
  82  6:11  Extractor, Glial Reconstitution  
  80  6:21  Overseer x4  
  78  6:33  Roach  
  78  6:34  Overlord, Roach x5  
  78  6:35  Overlord x3  
  90  6:41  Spire  
  90  6:42  Drone  
  78  7:21  Queen  
  80  7:38  Zergling x2  
  80  7:39  Zergling x36  
  99  7:50  Roach  
  99  7:51  Roach x2  
  79  8:18  Drone  
  79  8:19  Drone x8  
  88  8:30  Spore Crawler  
  83  8:41  Mutalisk x6  
  77  8:43  Zerg Flyer Weapons Level 1  
  89  8:52  Evolution Chamber  
  89  8:54  Evolution Chamber  
  89  8:55  Spore Crawler  
  86  8:57  Spore Crawler  
  86  9:00  Mutalisk x10  
  105  9:07  Overlord  
  105  9:20  Zerg Missile Weapons Level 1, Zerg Ground Armor Level 1  
  105  9:26  Drone  
  105  9:27  Drone x5, Mutalisk  
  105  9:28  Mutalisk x3  
  105  9:29  Zergling x6  
  122  9:59  Hatchery  
  121  10:18  Overlord x6  
  121  10:19  Overlord x8  
  116  10:51  Roach  
  116  10:52  Roach x8  
Tags
 
Add a new tag
Caveats
  • Supply blocks, unpowered buildings, or Contaminate may cause inaccurate times.
  • Supply counts are checked every 10 seconds.